 Dungeon Crawl Stone Soup version 0.29-a0-219-g0a02b1cf4f (webtiles) character file.

Game seed: 14786745454139242672

102 pcat the Magician (level 4, -1/24 HPs)
             Began as a Deep Elf Earth Elementalist on Feb 25, 2022.
             Slain by Natasha (4 damage)
             ... on level 2 of the Dungeon.
             The game lasted 00:04:15 (1766 turns).

pcat the Magician (Deep Elf Earth Elementalist)     Turns: 1766, Time: 00:04:17

Health: -1/24      AC:  3    Str:  5    XL:     4   Next: 50%
Magic:  8/12       EV: 13    Int: 22    God:
Gold:   65         SH:  0    Dex: 15    Spells: 10/11 levels left

rFire   . . .      SeeInvis .   f - +2 dagger (vamp)
rCold   . . .      Faith    .   (no shield)
rNeg    . . .      Spirit   .   b - +0 robe
rPois   .          Reflect  .   (no helmet)
rElec   .          Harm     .   g - +0 cloak
rCorr   .          Rampage  .   (no gloves)
Will    .....                   (no boots)
Stlth   ++........              (no amulet)
HPRegen 0.08/turn               p - ring of flight
MPRegen 0.13/turn               (no ring)

@: flying
A: no striking features
a: no special abilities


You were on level 2 of the Dungeon.
You visited 1 branch of the dungeon, and saw 2 of its levels.

You collected 65 gold pieces.

Inventory:

Hand Weapons
 e - a +0 mace
 f - a +2 vampiric dagger (weapon)
Missiles
 a - 31 stones
Armour
 b - a +0 robe (worn)
 g - a +0 cloak (worn)
 r - a +0 kite shield of protection
Jewellery
 p - a ring of flight (left hand)
Scrolls
 c - 3 scrolls of fear {unknown}
 d - a scroll of noise {unknown}
 h - a scroll of amnesia {unknown}
 i - a scroll of identify {unknown}
 j - a scroll of enchant armour {unknown}
 l - a scroll of brand weapon {unknown}
 o - a scroll of silence {unknown}
 q - a scroll of fog {unknown}
Potions
 k - a potion of attraction {unknown}
 m - a potion of curing {unknown}
 n - a potion of lignification {unknown}
 s - a potion of might {unknown}
 t - a potion of berserk rage {unknown}


   Skills:
 + Level 0.8 Fighting
 - Level 3.1 Dodging
 - Level 3.2 Stealth
 + Level 4.1 Spellcasting
 - Level 1.9 Transmutations
 + Level 4.1 Earth Magic


You had 10 spell levels left.
You knew the following spells:

 Your Spells              Type           Power      Damage    Failure   Level
a - Sandblast             Erth           44%        2d11      1%          1

Your spell library contained the following spells:

 Spells                   Type           Power      Damage    Failure   Level
 Passwall                 Tmut/Erth      14%        N/A       4%          2
 Stone Arrow              Conj/Erth      26%        3d8       14%         3
 Petrify                  Tmut/Erth      17%        N/A       32%         4


Dungeon Overview and Level Annotations

Branches:
Dungeon (2/15)

Altars:

Annotations:
D:2 Natasha


Message History

Confirm with . or Enter, or press ? or * to list all spells.
Aiming: Sandblast (safe; 1% risk of failure)
Press: ? - help, Shift-Dir - straight line, f/p - white imp
Aim: a white imp (summoned, 81% to hit)
The blast of sand hits the white imp.
The white imp is moderately wounded.
Natasha closely misses you. The white imp gestures at you.
The puff of frost hits you!
You hit Natasha.
You feel better.
Natasha is lightly wounded.
Natasha claws you.
The white imp hits you but does no damage.
Casting: Sandblast (safe; 1% risk of failure)
Confirm with . or Enter, or press ? or * to list all spells.
Aiming: Sandblast (safe; 1% risk of failure)
Press: ? - help, Shift-Dir - straight line, f/p - white imp
Aim: a white imp (moderately wounded, summoned, 81% to hit)
The blast of sand hits the white imp!
You kill the white imp!
The white imp disappears in a puff of smoke!
Natasha completely misses you.
Casting: Sandblast (safe; 1% risk of failure)
Confirm with . or Enter, or press ? or * to list all spells.
Aiming: Sandblast (safe; 1% risk of failure)
Press: ? - help, Shift-Dir - straight line, f - Natasha
Aim: Natasha (lightly wounded, 76% to hit)
The blast of sand hits Natasha.
Natasha is heavily wounded.
Natasha claws you!
* * * LOW HITPOINT WARNING * * *
Casting: Sandblast (safe; 1% risk of failure)
Confirm with . or Enter, or press ? or * to list all spells.
Aiming: Sandblast (safe; 1% risk of failure)
Press: ? - help, Shift-Dir - straight line, f/p - Natasha
Aim: Natasha (heavily wounded, 76% to hit)
The blast of sand hits Natasha.
Natasha is almost dead.
Natasha claws you.
You die...

###..###.#)#..............###.#.#
#......#.#.........##..###..#.#
##.......#.........######.....#
#########..................###
###....#........##.#
#....#....>...##.#
######....#........##.#
..........#........##.#
........@.#####....##..
........h.# ###### ## .?!.......#
..........# ..........#
..........# ..........#
.........#


You could see Natasha.

Vanquished Creatures
  Natasha (twice) (D:2)
  4 worms (D:2)
  2 dart slugs (D:1)
  A ball python (D:1)
  2 bats
  2 endoplasms (D:1)
  6 giant cockroaches
  3 hobgoblins
  5 kobolds
  2 quokkas
  A frilled lizard (D:2)
  5 goblins
  2 rats
37 creatures vanquished.

Notes
Turn   | Place    | Note
-------+----------+-------------------------------------------
     0 | D:1      | pcat the Deep Elf Earth Elementalist began the quest for
                  | the Orb.
     0 | D:1      | Reached XP level 1. HP: 10/10 MP: 6/6
   336 | D:1      | Reached XP level 2. HP: 15/15 MP: 5/8
   697 | D:1      | Reached XP level 3. HP: 19/19 MP: 7/9
  1050 | D:2      | Noticed Natasha
  1060 | D:2      | Killed Natasha
  1122 | D:2      | Noticed Natasha
  1128 | D:2      | Killed Natasha
  1129 | D:2      | Reached XP level 4. HP: 24/24 MP: 7/12
  1353 | D:2      | Noticed Natasha
  1766 | D:2      | Slain by Natasha

Illustrated notes

Levels and vault maps discovered:
D:1:      heliophobic_arrival_glass_houses, layout_rooms
D:2:      minmay_roachtagon, layout_basic, ebering_ecumenical_altar_petrified,
          minmay_cupped, uniq_natasha

Skill      XL: |  1  2  3  4 |
---------------+-------------+-----
Stealth        | 3 |  3.2
Dodging        | 3 |  3.1
Spellcasting   | 4 |  4.1
Earth Magic    | 4 |  4.1
Fighting       | |  0.8
Transmutations | |  1.9

Action                   |  1- 3 |  4- 6 || total
-------------------------+-------+-------++-------
Melee: Mace              |     4 |       ||     4
       Unarmed           |     3 |       ||     3
       Dagger            |    41 |    39 ||    80
 Cast: Sandblast         |    21 |     7 ||    28
 Stab: Sleeping          |       |     1 ||     1
Armor: Robe              |     9 |     8 ||    17
Dodge: Dodged            |    36 |    29 ||    65

Table legend: (Time is in decaauts)
 A = Elapsed time spent in this place.
 B = Non-inter-level travel time spent in this place.
 C = Inter-level travel time spent in this place.
 D = Time resting spent in this place.
 E = Time spent auto-exploring this place.
 F = Levels seen in this place.
 G = Mean time per level.
                   A        B        C        D        E       F      G
               +--------+--------+--------+--------+--------+-----+--------+
         Total |   1765 |   1719 |     46 |    212 |   1084 |   2 |  882.5 |
       Dungeon |   1765 |   1719 |     46 |    212 |   1084 |   2 |  882.5 |
               +--------+--------+--------+--------+--------+-----+--------+

Top non-repeatable levels by time:
     D:1: 1049 daAuts
     D:2: 716 daAuts
